 Dungeon Crawl Stone Soup version 0.30-a0-1163-gf69bf04e7a (webtiles) character file.

Game seed: 16685265365771772740

67 mandoloar the Trooper (level 4, 41/41 HPs)
             Began as a Hill Orc Fighter on Apr 29, 2023.
             Quit the game on level 3 of the Dungeon.
             The game lasted 00:03:58 (1876 turns).

mandoloar the Trooper (Hill Orc Fighter)            Turns: 1876, Time: 00:03:58

Health: 41/41      AC:  7    Str: 20    XL:     4   Next: 18%
Magic:  4/4        EV: 10    Int:  8    God:
Gold:   162        SH:  4    Dex: 10    Spells: 3/3 levels left

rFire   . . .        a - +0 war axe
rCold   + . .        c - +0 buckler
rNeg    . . .        s - +2 ring mail {rC+}
rPois   .            (no helmet)
rElec   .            (no cloak)
rCorr   .            (no gloves)
SInv    .            (no boots)
Will    .....        (no amulet) Stlth
                     (no ring)
HPRegen 0.26/turn    (no ring)
MPRegen 0.09/turn

%: no passive effects
@: studying Polearms
A: no striking features
a: no special abilities


You were on level 3 of the Dungeon.
You visited 1 branch of the dungeon, and saw 3 of its levels.

You collected 162 gold pieces.

Inventory:

Hand Weapons
 a - a +0 war axe (weapon)
Missiles
 j - 3 stones (quivered)
Armour
 c - a +0 buckler (worn)
 s - a +2 ring mail of cold resistance (worn)
Scrolls
 e - a scroll of fear {unknown}
 g - 5 scrolls of identify {unknown}
 h - a scroll of poison {unknown}
 i - a scroll of noise {unknown}
 l - a scroll of fog {unknown}
 m - a scroll of immolation {unknown}
 p - a scroll of enchant armour {unknown}
 r - a scroll of torment {unknown}
Potions
 d - a potion of might
 f - 3 potions of curing {unknown}
 k - 2 potions of heal wounds {unknown}
 n - a potion of flight {unknown}
 o - 2 potions of attraction {unknown}
 q - a potion of mutation {unknown}


   Skills:
 + Level 4.3 Fighting
 + Level 3.6 Axes
 + Level 3.9 Armour
 + Level 3.9 Shields


You had 3 spell levels left.
You didn't know any spells.
Your spell library contained the following spells:

 Spells                   Type           Power      Damage    Failure   Level
 Apportation              Tloc           0%         N/A       65%         1
 Alistair's Intoxication  Tmut/Pois      0%         N/A       100%        5


Dungeon Overview and Level Annotations

Branches:
Dungeon (3/15)

Altars:
Ashenzari

Shops:
D:1 !


Message History

No target in view!
Found a scale mail and a helmet.
Unknown command.
Found a stone staircase leading down.
A frilled lizard comes into view.
The frilled lizard hisses angrily.
A goblin comes into view. It is wielding a +0 dagger.
Found 13 gold pieces.
The frilled lizard barely misses you.
You hit the frilled lizard.
You kill the frilled lizard!
You slash the goblin!
You kill the goblin!
No target in view!
Things that are here:
a +0 dagger; a goblin corpse
Found a robe.
Found a stone staircase leading down.
There is a fountain of clear blue water here.
You now have 143 gold pieces (gained 13).
You open the door.
There is an open door here.
Found a chain mail.
k - 2 bubbling grey potions (gained 1)
Found a scale mail.
No target in view!
You now have 154 gold pieces (gained 11).
An endoplasm comes into view.
The endoplasm quivers.
An endoplasm is nearby!
The endoplasm completely misses you.
You slash the endoplasm!
You kill the endoplasm!
No target in view!
Found a pair of boots.
You see here a +0 pair of boots.
You now have 162 gold pieces (gained 8).
A kobold comes into view. It is wielding a +0 short sword.
The kobold shouts!
You see here a +0 pair of boots.
Are you sure you want to abandon this character and quit the game? (Confirm with "yes".)

###...##..##
..######........[#
..K............#.#
#K.......#.#
#.##.#####.# #.###
#.# #.# #.# #.#
#.# #@# #.#
#######.########.#
.................#
#######.##########
#.# ... ####


You could see a kobold.

Vanquished Creatures
  2 adders
  A worm (D:2)
  6 ball pythons
  4 bats
  6 endoplasms
  4 giant cockroaches (D:2)
  6 goblins
  2 hobgoblins
  A quokka (D:2)
  5 frilled lizards
  3 kobolds
  5 rats
45 creatures vanquished.

Notes
Turn   | Place    | Note
-------+----------+-------------------------------------------
     0 | D:1      | mandoloar the Hill Orc Fighter began the quest for the Orb.
     0 | D:1      | Reached XP level 1. HP: 19/19 MP: 1/1
    34 | D:1      | Found Kipehaaw's Distillery.
   306 | D:1      | Reached XP level 2. HP: 27/27 MP: 2/2
   968 | D:2      | Reached skill level 4 in Fighting
  1000 | D:2      | Reached XP level 3. HP: 33/33 MP: 3/3
  1203 | D:2      | Found a broken altar of Ashenzari.
  1618 | D:3      | Reached XP level 4. HP: 32/40 MP: 4/4
  1876 | D:3      | Quit the game

Illustrated notes

Levels and vault maps discovered:
D:1:      minmay_arrival_four_houses, layout_basic, serial_shops,
          nicolae_shop_advertising_works [nicolae_subvault_shop_adworks],
          minmay_misc_feat_chi
D:2:      layout_basic, basic_altar, minmay_cut_off
D:3:      layout_basic, nemelex_spade_bored_becter, grunt_ministairs_14

Skill      XL: |  1  2 |
---------------+-------+-----
Axes           | 3 |  3.6
Fighting       | 4 |  4.3
Armour         | |  3.9
Shields        | |  3.9

Action                     |  1- 3 |  4- 6 || total
---------------------------+-------+-------++-------
  Melee: War axe           |    99 |    11 ||   110
 Armour: Scale mail        |    32 |       ||    32
         Ring mail         |    22 |     7 ||    29
  Dodge: Dodged            |    42 |     7 ||    49
  Block: Buckler           |    26 |     1 ||    27

Table legend: (Time is in decaauts)
 A = Elapsed time spent in this place.
 B = Non-inter-level travel time spent in this place.
 C = Inter-level travel time spent in this place.
 D = Time resting spent in this place.
 E = Time spent auto-exploring this place.
 F = Levels seen in this place.
 G = Mean time per level.
                   A        B        C        D        E       F      G
               +--------+--------+--------+--------+--------+-----+--------+
         Total |   1916 |   1892 |     24 |    224 |   1353 |   3 |  638.7 |
       Dungeon |   1916 |   1892 |     24 |    224 |   1353 |   3 |  638.7 |
               +--------+--------+--------+--------+--------+-----+--------+

Top non-repeatable levels by time:
     D:2: 878 daAuts
     D:1: 738 daAuts
     D:3: 299 daAuts
